 Dungeon Crawl Stone Soup version 0.18.1-50-g88ac8fd (webtiles) character file.

3269 Chiseanne the Covert (level 9, 47/47 HPs)
             Began as a Spriggan Assassin on Apr 3, 2017.
             Was an Initiate of Gozag.
             Quit the game on level 8 of the Dungeon.
             The game lasted 00:29:30 (8860 turns).

Chiseanne the Covert (Spriggan Assassin)            Turns: 8860, Time: 00:29:30

Health: 47/47      AC:  3    Str:  7    XL:     9   Next: 68%
Magic:  10/10      EV: 27    Int: 22    God:    Gozag
Gold:   292        SH:  0    Dex: 20    Spells: 0 memorised, 8 levels left

rFire  . . .     SeeInvis +     G - +2 falchion "Quniudyq" {speed, Int+9}
rCold  + . .     Gourm    .     c - +0 robe
rNeg   . . .     Faith    .     (shield restricted)
rPois  .         Spirit   .     (helmet restricted)
rElec  .         Dismiss  .     d - +0 cloak
rCorr  .         Reflect  .     (gloves unavailable)
SustAt .         Harm     .     (boots unavailable)
MR     +....                    x - amulet of regeneration
Stlth  +++++++...               p - +1 ring of evasion
                                b - ring of protection from cold

@: very quick, somewhat resistant to hostile enchantments, extremely stealthy
A: unfitting armour, see invisible, herbivore 3, speed 3, slow metabolism 2
a: Potion Petition, Call Merchant, Bribe Branch, Renounce Religion


You were on level 8 of the Dungeon.
You worshipped Gozag.
Gozag was noncommittal.
You were not hungry.

You visited 2 branches of the dungeon, and saw 9 of its levels.

You collected 396 gold pieces.
You paid 104 gold pieces to Gozag.

Inventory:

Hand Weapons
 a - a +3 dagger
 w - a +0 blowgun
 F - a +0 shortbow of evasion
 G - the +2 falchion "Quniudyq" (weapon) {speed, Int+9}
   (You found it on level 8 of the Dungeon)

   Attacks with this weapon are significantly faster.
   It affects your intelligence (+9).
Missiles
 f - 3 poisoned needles
 j - 14 tomahawks (quivered)
 l - 205 stones
 n - 47 bolts
 q - a throwing net {!*}
 v - 61 sling bullets
 H - 184 arrows
Armour
 c - a +0 robe (worn)
 d - a +0 cloak (worn)
 K - a +0 buckler
Jewellery
 b - a ring of protection from cold (left hand)
 i - an uncursed ring of fire
 p - a +1 ring of evasion (right hand)
 x - an amulet of regeneration (around neck)
Scrolls
 e - a scroll of immolation
 k - a scroll of teleportation
 r - a scroll of recharging
 y - a scroll of fog
 E - 3 scrolls of remove curse
Potions
 h - 2 potions of flight
 m - 3 potions of invisibility
 o - 2 potions of might
 s - a potion of cancellation
 t - 3 potions of lignification
 u - a potion of brilliance {unknown}
 z - a potion of berserk rage {unknown}
 A - a potion of agility
 B - a potion of cure mutation {unknown}
 C - a potion of magic {unknown}
 D - 3 potions of curing {unknown}
Books
 I - a book of Fire

   Spells                             Type                      Level
   a - Ignite Poison                  Fire/Transmutation/Poison    3
   b - Fireball                       Conjuration/Fire             5
   c - Bolt of Fire                   Conjuration/Fire             6
   d - Delayed Fireball               Conjuration/Fire             7
   e - Ring of Flames                 Charms/Fire                  7
Comestibles
 g - 6 bread rations


   Skills:
 * Level 5.2 Fighting
 - Level 2.1 Short Blades
 + Level 6.1 Throwing
 + Level 8.7 Dodging
 * Level 14.4 Stealth


You had 8 spell levels left.
You didn't know any spells.

Dungeon Overview and Level Annotations

Branches:
Dungeon (8/15)             Temple (1/1) D:7
   Lair: D:8-11

Altars:
Ashenzari
Cheibriados
Dithmenos
Elyvilon
Fedhas
Gozag
Kikubaaqudgha
Makhleb
Nemelex Xobeh
Okawaru
Pakellas
Qazlal
Ru
Sif Muna
Trog
Vehumet
Xom
Yredelemnul
Zin
The Shining One

Annotations:
D:6 Eustachio
D:7 Erolcha


Innate Abilities, Weirdness & Mutations

You are tiny and cannot use many weapons and most armour.
You have supernaturally acute eyesight.
You are a herbivore.
You cover ground extremely quickly.
You need consume almost no food.


Message History

You kill the jelly!
You see here 5 gold pieces.
You open the door.
A wight comes into view. It is wielding a scimitar.
There is an open door here. 2 wights come into view.
A wight comes into view. It is wielding an enchanted flail.
You hit the wight but do no damage. The wight misses you.
Found a scroll of remove curse.
Found a club.
E - 3 scrolls of remove curse (gained 1)
You see here a club.
Found a slimy falchion.
You see here a slimy falchion.
G - a slimy falchion Wield which item (- for none, * to show all)? (? for menu, Esc to quit)
You feel clever.
Your hands tingle!
G - the +2 falchion "Quniudyq" (weapon)
{speed, Int+9} Are you sure you want to abandon this character and quit the game? (Confirm with "yes".)

#.# ##......... ##.##
##..$....### ...
#.........# ...
+.........+ ...
#..>......# #.#
##.......## #.#
##.....## #.# ##...##
####@# ##'## #....#
#.# #.#### ##.######
#.# ########.......#
#.# #.z..zs....###.#
#.# #.###z#.....# #.#
#.##.#......#
#z####.###.##..#....
#....z...>.##..####.#


There were no monsters in sight!

Vanquished Creatures
  A hippogriff (D:8)
  3 orc warriors
  2 ice beasts
  2 black bears
  A phantom (D:6)
  A wasp (D:7)
  2 ogres
  4 centaurs
  A gnoll sergeant (D:7)
  2 water moccasin zombies
  2 scorpions
  3 wights (D:6)
  5 howler monkeys
  A crimson imp (D:7)
  2 giant frog zombies (D:5)
  A hound (D:6)
  4 jellies
  3 orc priests
  A giant frog skeleton (D:5)
  6 orc wizards
  2 centaur skeletons (D:4)
  Terence (D:3)
  6 iguanas
  3 worker ants
  2 hound zombies
  2 hound skeletons
  9 gnolls
  A howler monkey skeleton (D:7)
  7 adders
  A shadow imp (D:6)
  An ooze (D:4)
  An adder skeleton (D:5)
  3 worms
  4 dart slugs
  4 giant geckos
  45 orcs
  9 bats
  5 giant cockroaches
  5 goblins
  6 hobgoblins
  15 jackals
  3 quokkas
  2 ball pythons (D:2)
  A giant gecko skeleton (D:4)
  6 giant newts
  6 kobolds
  4 rats
  5 butterflies (D:7)
206 creatures vanquished.

Notes
Turn   | Place    | Note
--------------------------------------------------------------
     0 | D:1      | Chiseanne the Spriggan Assassin began the quest for the Orb.
     0 | D:1      | Reached XP level 1. HP: 10/10 MP: 2/2
    81 | D:1      | Reached skill level 6 in Stealth
   449 | D:1      | Reached XP level 2. HP: 11/14 MP: 3/3
   607 | D:1      | Reached skill level 7 in Stealth
  1384 | D:1      | Reached XP level 3. HP: 18/18 MP: 4/4
  1773 | D:2      | Reached skill level 8 in Stealth
  2061 | D:2      | Reached XP level 4. HP: 22/22 MP: 5/5
  2598 | D:3      | Noticed Terence
  2601 | D:3      | Killed Terence
  2979 | D:3      | Reached XP level 5. HP: 25/25 MP: 6/6
  2995 | D:3      | Reached skill level 9 in Stealth
  3138 | D:3      | Found a sparkling altar of Nemelex Xobeh.
  3139 | D:3      | Found a sacrificial altar of Ru.
  3620 | D:4      | Found a shimmering altar of Xom.
  3665 | D:4      | Reached XP level 6. HP: 30/30 MP: 7/7
  3822 | D:4      | Reached skill level 10 in Stealth
  4466 | D:5      | Entered Level 5 of the Dungeon
  4520 | D:5      | Reached XP level 7. HP: 33/33 MP: 8/8
  4522 | D:5      | Reached skill level 5 in Dodging
  4629 | D:5      | Reached skill level 11 in Stealth
  5576 | D:5      | Reached skill level 12 in Stealth
  5576 | D:5      | Reached XP level 8. HP: 32/39 MP: 9/9
  5899 | D:6      | Reached skill level 5 in Throwing
  6239 | D:6      | Noticed Eustachio
  6319 | D:6      | Reached skill level 13 in Stealth
  6926 | D:6      | Reached XP level 9. HP: 45/45 MP: 10/10
  7320 | D:7      | Found a shimmering altar of Xom.
  7370 | D:7      | Found a deep blue altar of Sif Muna.
  7645 | D:7      | Found a snail-covered altar of Cheibriados.
  8325 | D:7      | Found a bloodstained altar of Trog.
  8342 | D:7      | Found a blossoming altar of Fedhas.
  8462 | D:7      | Found a staircase to the Ecumenical Temple.
  8471 | Temple   | Entered the Ecumenical Temple
  8515 | Temple   | Became a worshipper of Gozag Ym Sagoz the Greedy
  8593 | D:8      | Reached skill level 14 in Stealth
  8663 | D:8      | Reached skill level 5 in Fighting
  8713 | D:8      | Noticed Erolcha
  8858 | D:8      | Got a slimy falchion
  8859 | D:8      | Identified the +2 falchion "Quniudyq" {speed, Int+9} (You found it on level 8 of the Dungeon)
  8860 | D:8      | Quit the game

Skill      XL: |  1  2  3  4  5  6  7  8  9 |
---------------+----------------------------+-----
Stealth        | 6 7 8 9 10 12 13 14 | 14.4
Dodging        | 2 3 4 6 7 8 |  8.7
Throwing       | 3 4 5 6 |  6.1
Fighting       | 3 5 |  5.2
Short Blades   | |  2.1

Action                   |  1- 3 |  4- 6 |  7- 9 || total
-------------------------+-------+-------+-------++-------
Melee: Dagger            |   104 |   328 |   557 ||   989
 Fire: Blowgun           |     5 |    10 |    55 ||    70
Throw: Tomahawk          |       |    10 |    95 ||   105
       Stone             |       |       |     4 ||     4
  Use: Scroll            |       |    13 |     8 ||    21
 Stab: Sleeping          |    16 |    23 |    27 ||    66
       Distracted        |       |       |     2 ||     2
  Eat: Bread ration      |       |     1 |       ||     1
Armor: Robe              |     9 |    31 |    35 ||    75
Dodge: Dodged            |    81 |   255 |   488 ||   824
